 Dungeon Crawl Stone Soup version 0.25.1-2-g60ff931df9 (webtiles) character file.

Game seed: 14587813503030368019

130 DearestLeader the Chopper (level 4, -3/33 HPs)
             Began as a Demonspawn Gladiator on Oct 24, 2020.
             Slain by a gnoll
             ... wielding a +4 halberd
              (7 damage)
             ... on level 3 of the Dungeon.
             The game lasted 00:03:07 (1598 turns).

DearestLeader the Chopper (Demonspawn Gladiator)    Turns: 1598, Time: 00:03:08

Health: -3/33      AC: 13    Str: 16    XL:     4   Next: 90%
Magic:  4/4        EV:  8    Int:  9    God:
Gold:   95         SH:  0    Dex: 14    Spells: 3/3 levels left

rFire    . . .     SeeInvis .   a - +0 war axe
rCold    + . .     Gourm    .   (no shield)
rNeg     . . .     Faith    .   h - +2 chain mail {MR+}
rPois    .         Spirit   .   c - +0 helmet
rElec    .         Reflect  .   (no cloak)
rCorr    .         Harm     .   (no gloves)
MR       +....                  (no boots)
Stlth    ..........             (no amulet)
HPRegen  0.11/turn              (no ring)
MPRegen  0.09/turn              (no ring)

@: no status effects
A: icy blue scales 1, cold resistance 1
a: no special abilities


You were on level 3 of the Dungeon.
You were not hungry.

You visited 1 branch of the dungeon, and saw 3 of its levels.

You collected 95 gold pieces.

Inventory:

Hand Weapons
 a - a +0 war axe (weapon)
Missiles
 d - 3 throwing nets (quivered)
Armour
 b - a +0 leather armour
 c - a +0 helmet (worn)
 h - a +2 chain mail of magic resistance (worn)
Scrolls
 e - 3 scrolls of identify {unknown}
 g - 2 scrolls of remove curse {unknown}
 i - a scroll of amnesia {unknown}
 j - a scroll of fear {unknown}
 l - a scroll of enchant armour {unknown}
Potions
 k - a potion of lignification {unknown}
Comestibles
 f - 5 rations
 m - 3 chunks of flesh


   Skills:
 - Level 2.0 Fighting
 * Level 4.3 Axes
 - Level 1.7 Throwing
 + Level 2.0 Armour
 - Level 3.0 Dodging


You had 3 spell levels left.
You didn't know any spells.
Your spell library was empty.

Dungeon Overview and Level Annotations

Branches:
Dungeon (3/15)

Altars:
Okawaru


Innate Abilities, Weirdness & Mutations

You are partially covered in icy blue scales. (AC +2)
Your flesh is cold resistant. (rC+)


Message History

A hobgoblin comes into view. It is wielding a +0 club.
The hobgoblin shouts!
The kobold completely misses you.
You slash the kobold!
You kill the kobold!
A gnoll comes into view. It is wielding a +0 club.
The gnoll completely misses you.
The gnoll shouts!
You hear a shout!
The gnoll closely misses you.
A gnoll comes into view. It is wielding a +0 flail.
Things that are here:
a stone; a cyan potion; a kobold corpse You closely miss the gnoll.
The gnoll hits you but does no damage.
You hit the gnoll but do no damage. The gnoll hits you with a +4 halberd!
You barely miss the gnoll. The gnoll hits you with a +4 halberd!
You barely miss the gnoll. The gnoll hits you but does no damage.
You closely miss the gnoll. The gnoll hits you with a +4 halberd!
* * * LOW HITPOINT WARNING * * *
The gnoll hits you from afar with a +4 halberd!
You die...

#..)..(..((...#.#
#.#†#######.###.#
# #(..# #.....# #
#.#.# #######
#.#<#.# #.#.#.#
#..(..#
......#.###
##.##.#@# # # #(#
#g# #g# #g# #g#
... ... ...


You could see 3 gnolls and a hobgoblin.

Vanquished Creatures
  An iguana (D:2)
  4 adders
  A shadow imp (D:2)
  3 worms
  4 leopard geckos
  5 bats (D:1)
  2 giant cockroaches (D:1)
  7 goblins
  4 hobgoblins
  4 jackals (D:3)
  5 kobolds
  2 quokkas (D:3)
  2 frilled lizards (D:1)
  4 rats
48 creatures vanquished.

Notes
Turn   | Place    | Note
-------+----------+-------------------------------------------
     0 | D:1      | DearestLeader the Demonspawn Gladiator began the quest for
                  | the Orb.
     0 | D:1      | Reached XP level 1. HP: 16/16 MP: 1/1
    83 | D:1      | Reached skill level 3 in Axes
    98 | D:1      | Gained mutation: You are partially covered in icy blue
                  | scales. (AC +2) [demonic ancestry]
    98 | D:1      | Reached XP level 2. HP: 12/22 MP: 2/2
   753 | D:2      | Reached skill level 1 in Armour
   764 | D:2      | Reached XP level 3. HP: 24/27 MP: 3/3
  1176 | D:2      | Gained mutation: Your flesh is cold resistant. (rC+)
                  | [demonic ancestry]
  1176 | D:2      | Reached XP level 4. HP: 25/33 MP: 4/4
  1181 | D:2      | Found an iron altar of Okawaru.
  1361 | D:3      | Reached skill level 4 in Axes
  1598 | D:3      | Slain by a gnoll

Illustrated notes

Levels and vault maps discovered:
D:1:      shiori_arrival_oz, layout_basic
D:2:      layout_rooms, kennysheep_okawaru_gauntlet, serial_curves,
          eino_curves_03, eino_curves_01
D:3:      layout_basic, first_ration

Skill      XL: |  1  2  3  4 |
---------------+-------------+-----
Axes           | 3 4 |  4.3
Dodging        | 3 |  3.0
Armour         | 1 2 |  2.0
Fighting       | |  2.0
Throwing       | |  1.7

Action                   |  1- 3 |  4- 6 || total
-------------------------+-------+-------++-------
Melee: War axe           |   118 |    63 ||   181
Throw: Dart              |       |     3 ||     3
  Eat: Chunk             |     1 |     2 ||     3
Armor: Chain mail        |   105 |    62 ||   167
       Leather armour    |     2 |       ||     2
Dodge: Dodged            |    41 |    38 ||    79
